 Dungeon Crawl Stone Soup version 0.22.1-2-g9c5b331 (webtiles) character file.

41 lysyklops the Skirmisher (level 3, -1/43 HPs)
             Began as a Demonspawn Berserker on Dec 20, 2018.
             Was a Believer of Trog.
             Slain by a kobold (2 damage)
             ... on level 2 of the Dungeon.
             The game lasted 00:02:10 (990 turns).

lysyklops the Skirmisher (Demonspawn Berserker)      Turns: 990, Time: 00:02:11

Health: -1/43      AC:  4    Str: 23    XL:     3   Next: 32%
Magic:  3/3        EV: 12    Int:  8    God:    Trog [**....]
Gold:   48         SH:  0    Dex: 12    Spells: 2/2 levels left

rFire    . . .     SeeInvis .   a - +0 hand axe
rCold    . . .     Gourm    .   (no shield)
rNeg     . . .     Faith    .   b - +0 animal skin
rPois    .         Spirit   .   (no helmet)
rElec    .         Reflect  .   (no cloak)
rCorr    .         Harm     .   (no gloves)
MR       .....                  (no boots)
Stlth    ..........             (no amulet)
HPRegen  0.14/turn              (no ring)
MPRegen  0.08/turn              (no ring)

@: berserking, drained, very quick
A: yellow scales 1, rot immunity
a: Berserk, Trog's Hand, Renounce Religion


You were on level 2 of the Dungeon.
You worshipped Trog.
Trog was pleased with you.
You were very hungry.

You visited 1 branch of the dungeon, and saw 2 of its levels.

You collected 48 gold pieces.

Inventory:

Hand Weapons
 a - a +0 hand axe (weapon)
Armour
 b - a +0 animal skin (worn)
Jewellery
 h - an uncursed amulet of the gourmand {unknown}
Scrolls
 d - 6 scrolls of identify {unknown}
 e - 4 scrolls of enchant weapon {unknown}
 g - a scroll of fog {unknown}
 i - a scroll of random uselessness {unknown}
 j - a scroll of teleportation {unknown}
 k - 3 scrolls of remove curse {unknown}
Potions
 f - a potion of might {unknown}
Comestibles
 c - 4 rations


   Skills:
 + Level 3.3(2.7) Fighting
 + Level 3.1(2.4) Axes
 + Level 2.3(1.6) Armour
 + Level 2.2(1.6) Dodging


You had 2 spell levels left.
You didn't know any spells.
Your spell library was empty.

Dungeon Overview and Level Annotations

Branches:
Dungeon (2/15)

Altars:


Innate Abilities, Weirdness & Mutations

You are partially covered in yellow scales. (AC +2)
You are immune to rotting.


Message History

The goblin shoots a stone.
The stone closely misses you.
You are too injured to fight recklessly!
You are too injured to fight recklessly!
You are too injured to fight recklessly!
You feel a strong urge to attack something.
The kobold hits you but does no damage. The worm bites you!
* * * LOW HITPOINT WARNING * * *
You slash the worm!
The worm is almost dead.
You barely miss the kobold.
The goblin shoots a stone.
The stone hits you.
* * * LOW HITPOINT WARNING * * *
The kobold hits you.
* * * LOW HITPOINT WARNING * * *
You slash the worm!
You kill the worm!
Trog accepts your kill.
You closely miss the kobold. You closely miss the kobold.
The kobold barely misses you.
You closely miss the kobold. The kobold hits you.
You die...

.......#.# .##.
........#.#.#.#
.........#.#.#.......
..........#.#........
...........#........
...........#......##
......K8†..#.....#.#
.....8.@(8###.....#
...........#.....#
........g..#.(...###.
##........#?#.....##.#
#
#........$....)...+.#
#
#........#)#.....##.#
#
#........)#..w.(###.#
#
..........#.....#.#.#
#
.?.8...8###...(.##.###


You could see a dart slug, a goblin and a kobold.

Vanquished Creatures
  A worm (D:2)
  4 dart slugs
  A ball python (D:1)
  3 giant cockroaches
  4 goblins
  2 hobgoblins (D:1)
  4 bats
  2 frilled lizards (D:1)
  5 kobolds
  3 rats (D:1)
29 creatures vanquished.

Notes
Turn   | Place    | Note
-------+----------+-------------------------------------------
     0 | D:1      | lysyklops the Demonspawn Berserker began the quest for the
                  | Orb.
     0 | D:1      | Reached XP level 1. HP: 18/18 MP: 1/1
   232 | D:1      | Gained mutation: You are partially covered in yellow
                  | scales. (AC +2) [demonic ancestry]
   232 | D:1      | Reached XP level 2. HP: 12/24 MP: 2/2
   904 | D:2      | Gained mutation: You are immune to rotting. [demonic
                  | ancestry]
   904 | D:2      | Reached XP level 3. HP: 23/29 MP: 3/3
   944 | D:2      | Reached ** piety under Trog
   987 | D:2      | HP: 1/43 [kobold (2)]
   990 | D:2      | Slain by a kobold

Skill      XL: |  1  2 |
---------------+-------+-----
Armour         | 2 |  2.3
Dodging        | 2 |  2.2
Axes           | 3 |  3.1
Fighting       | |  3.3

Action                   || total
-------------------------++-------
Melee: Hand axe          ||    77
Invok: Berserk           ||     1
 Stab: Distracted        ||     1
Armor: Animal skin       ||    21
Dodge: Dodged            ||    47
